Map: 2000 Atmospheres LE

Players

DPGherO (herO)

  • Race: Protoss Protoss
  • League: Master

ByuN - Winner!

  • Race: Terran Terran

VOD

Have the link to the VOD?

Description

Time

  • Played on: Oct. 22, 2021, 7:41 a.m.
  • Length: 4:32
Show
View Real Time Build Order
Export as new Build Order

DPGherO Protoss 

Build Orders: 1 Gate Expand 

Get SALT Encoding   

  12  0:00  Probe  
  13  0:12  Probe  
  14  0:17  Pylon  
  14  0:24  Probe (Chrono Boost)  
  16  0:36  Probe (Chrono Boost)  
  16  0:37  Gateway  
  16  0:43  Probe (Chrono Boost)  
  16  0:46  Assimilator  
  17  0:50  Probe  
  18  1:03  Probe  
  19  1:15  Probe  
  20  1:23  Nexus  
  20  1:33  Cybernetics Core  
  20  1:35  Probe  
  21  1:40  Assimilator  
  21  1:48  Probe  
  21  1:52  Pylon  
  22  2:00  Probe  
  23  2:09  Warp Gate  
  23  2:10  Adept  
  23  2:12  Probe  
  26  2:16  Robotics Facility  
  26  2:24  Probe (Chrono Boost)  
  27  2:34  Probe (Chrono Boost)  
  27  2:36  Probe (Chrono Boost)  
  29  2:41  Adept  
  29  2:43  Probe x2 (Chrono Boost)  
  33  2:48  Probe (Chrono Boost)  
  33  2:50  Probe  
  35  3:01  Probe  
  35  3:02  Probe  
  35  3:04  Robotics Bay, Observer (Chrono Boost)  
  38  3:12  Pylon  
  38  3:14  Probe  
  38  3:15  Probe  
  38  3:17  Warp Prism (Chrono Boost)  
  43  3:27  Probe x2  
  43  3:33  Gateway  
  44  3:35  Gateway  
  44  3:39  Pylon  
  44  3:43  Probe x2  
  46  3:49  Disruptor (Chrono Boost)  
  49  3:57  Stalker  
  49  3:59  Probe x2  
  53  4:07  Pylon  
  53  4:09  Assimilator  
  53  4:11  Probe x2  
Show
View Real Time Build Order
Export as new Build Order

ByuN Terran - Winner!

Build Orders:  

Get SALT Encoding   

  12  0:00  SCV  
  13  0:12  SCV  
  14  0:16  Supply Depot  
  14  0:24  SCV  
  15  0:38  SCV  
  15  0:39  Barracks  
  15  0:42  Refinery  
  16  0:50  SCV  
  17  1:02  SCV  
  18  1:14  SCV  
  19  1:26  Marine  
  19  1:27  Orbital Command  
  20  1:37  Command Center  
  20  1:48  Factory  
  20  1:52  SCV  
  21  1:57  Refinery  
  21  2:02  Barracks Reactor  
  21  2:04  SCV  
  22  2:09  Supply Depot  
  22  2:16  SCV  
  23  2:30  SCV  
  23  2:32  Widow Mine  
  23  2:34  Starport  
  26  2:38  Marine  
  26  2:39  Marine  
  26  2:42  SCV  
  29  2:49  Orbital Command  
  29  2:54  Widow Mine  
  29  2:55  SCV  
  29  2:58  Marine x2  
  34  3:07  SCV  
  34  3:08  Orbital Command  
  34  3:11  Medivac  
  37  3:16  Marine x2  
  37  3:18  Factory Tech Lab  
  37  3:19  SCV  
  40  3:23  Supply Depot  
  40  3:32  SCV  
  40  3:33  SCV  
  43  3:36  Marine x2  
  44  3:44  SCV  
  44  3:45  SCV  
  44  3:46  Factory Tech Lab  
  44  3:47  Raven  
  48  3:52  Supply Depot  
  48  3:56  SCV  
  48  3:58  SCV  
  52  4:04  Bunker  
  52  4:08  SCV  
  52  4:12  Supply Depot  
  52  4:14  SCV  
  57  4:20  SCV  
Tags
 
Add a new tag
Caveats
  • Supply blocks, unpowered buildings, or Contaminate may cause inaccurate times.
  • Supply counts are checked every 10 seconds.